Map: Romanticide LE

Players

PuffGoof - Winner!

  • Race: Zerg Zerg
  • League: Platinum

rendevie

  • Race: Terran Terran
  • League: Diamond

VOD

Have the link to the VOD?

Description

Time

  • Played on: April 22, 2021, 8:09 p.m.
  • Length: 5:12
Show
View Real Time Build Order
Export as new Build Order

PuffGoof Zerg - Winner!

Build Orders: Hatch First, Ravager All-In 

Get SALT Encoding   

  12  0:01  Drone  
  13  0:13  Overlord  
  13  0:17  Drone  
  14  0:31  Drone x2  
  14  0:35  Drone  
  17  0:53  Hatchery  
  17  0:56  Drone  
  17  0:59  Drone  
  18  1:10  Extractor  
  17  1:15  Spawning Pool  
  17  1:18  Drone  
  17  1:22  Drone  
  18  1:29  Drone  
  19  1:40  Overlord  
  19  1:51  Drone  
  20  2:04  Queen  
  20  2:05  Zergling x4  
  20  2:06  Queen  
  26  2:13  Extractor  
  26  2:14  Drone  
  26  2:16  Metabolic Boost  
  26  2:18  Drone  
  27  2:32  Drone x2  
  29  2:37  Roach Warren  
  28  2:44  Drone x2  
  28  2:45  Drone  
  28  2:51  Overlord  
  31  3:04  Overlord  
  31  3:06  Overlord  
  31  3:20  Roach x3  
  31  3:23  Roach  
  31  3:26  Roach  
  41  3:30  Zergling x4  
  42  3:56  Zergling x16  
  42  3:57  Zergling x2  
  51  4:13  Zergling x10  
  52  4:28  Ravager x5  
  52  4:30  Zergling x2  
Show
View Real Time Build Order
Export as new Build Order

rendevie Terran 

Build Orders: 2 Factory, Hellion Opening 

Get SALT Encoding   

  12  0:00  SCV  
  13  0:12  SCV  
  14  0:21  Supply Depot  
  14  0:24  SCV  
  14  0:27  Refinery  
  15  0:42  SCV  
  16  0:45  Barracks  
  16  0:54  Refinery  
  16  0:56  SCV  
  17  1:08  SCV  
  18  1:21  SCV  
  19  1:33  Factory, Barracks Reactor  
  19  1:38  Orbital Command  
  19  1:59  Supply Depot  
  19  2:02  Factory  
  19  2:04  SCV  
  20  2:16  SCV  
  20  2:22  Barracks Tech Lab  
  21  2:29  Hellion x2  
  25  2:35  SCV  
  26  2:49  Supply Depot  
  26  2:50  Hellion x2  
  30  3:00  Supply Depot  
  30  3:06  Infernal Pre-Igniter  
  30  3:11  Hellion, SCV  
  33  3:19  Hellion  
  35  3:24  Hellion  
  35  3:25  Barracks Tech Lab  
  37  3:33  Supply Depot  
  37  3:36  Hellion  
  37  3:40  Hellion  
  35  3:57  Hellion  
  35  3:58  Marauder  
  35  4:00  Supply Depot  
  39  4:20  Hellion x2  
  39  4:22  Marauder  
  45  4:26  Supply Depot  
  45  4:31  Armory  
  45  4:43  Marauder  
Tags
 
Add a new tag
Caveats
  • Supply blocks, unpowered buildings, or Contaminate may cause inaccurate times.
  • Supply counts are checked every 10 seconds.